 Dungeon Sprint DCSS version 0.20-a0-1124-g2e29d97 (webtiles) character file.

56133 potatolord6000 the Hoplite (level 15, -11/143 HPs)
             Began as a Formicid Fighter on May 12, 2017.
             Was an Initiate of Gozag.
             Mangled by a ghoul (14 damage)
             ... in the Dungeon (Sprint V: "Ziggurat Sprint") on May 15, 2017.
             The game lasted 00:21:47 (2462 turns).

potatolord6000 the Hoplite (Formicid Fighter)       Turns: 2462, Time: 00:21:48

Health: -11/143    AC: 49    Str: 32    XL:     15   Next: 20%
Magic:  24/24      EV:  3    Int:  9    God:    Gozag
Gold:   2425       SH: 40    Dex: 14    Spells: 14/14 levels left

rFire    + + .     SeeInvis +   y - +7 great mace "Firestarter" {inner flame, rF++}
rCold    . . .     Gourm    .   m - +18 shield of the Gong {rElec rN+ MR+ EV-5}
rNeg     + + +     Faith    .   a - +13 crystal plate armour
rPois    .         Spirit   .   (helmet unavailable)
rElec    +         Reflect  +   x - +0 cloak {+Inv}
rCorr    .         Harm     .   o - +2 pair of gloves of Vaptesm {+Inv rN++ Dex+4 Stlth-}
MR       ++++.                  G - +1 pair of boots {run}
Stlth    ..........             l - +4 amulet of reflection
Regen    0.4/turn               k - +6 ring of strength
MPRegen  0.2/turn               A - ring of Vyet {MR++ MP+9 Slay+3}

@: gold aura, quick
A: permanent stasis, dig shafts and tunnels, four strong arms, antennae 3,
blurry vision 1
a: Dig, Potion Petition, Call Merchant, Bribe Branch, Renounce Religion, Evoke
Invisibility


You were in the Dungeon.
You worshipped Gozag.
Gozag was most pleased with you.
You were full.

You visited 1 branch You collected 8824 gold pieces.
You spent 832 gold pieces at shops.
You paid 5567 gold pieces to Gozag.

Inventory:

Hand Weapons
 y - the +7 great mace "Firestarter" (weapon) {inner flame, rF++}
   (You found it in the Dungeon)

   It has been specially enchanted to burn those struck by it, causing extra
   injury to most foes and up to half again as much damage against particularly
   susceptible opponents.
   It greatly protects you from fire.
Armour
 a - a +13 crystal plate armour (worn)
 m - the +18 shield of the Gong (worn) {rElec rN+ MR+ EV-5}
   (You found it in the Dungeon)

   It affects your evasion (-5).
   It insulates you from electricity.
   It protects you from negative energy.
   It affects your resistance to hostile enchantments.
 o - the +2 pair of gloves of Vaptesm (worn) {+Inv rN++ Dex+4 Stlth-}
   (You bought it in a shop in the Dungeon)

   It affects your dexterity (+4).
   It greatly protects you from negative energy.
   It lets you turn invisible.
   It makes you less stealthy.
 x - a +0 cloak of invisibility (worn)
 G - a +1 pair of boots of running (worn)
Jewellery
 k - a +6 ring of strength (left hand)
 l - a +4 amulet of reflection (around neck)
 A - the ring of Vyet (right hand) {MR++ MP+9 Slay+3}
   (You found it in the Dungeon)

   [ring of magical power]

   It affects your accuracy and damage with ranged weapons and melee attacks
   (+3).
   It affects your resistance to hostile enchantments.
   It affects your magic capacity (+9).
Scrolls
 h - 4 scrolls of brand weapon
 j - 4 scrolls of amnesia
 n - 3 scrolls of recharging
 p - 7 scrolls of fog
 q - 2 scrolls of holy word
 r - 4 scrolls of identify
 s - 5 scrolls of remove curse
 t - 2 scrolls of fear
 C - 4 scrolls of enchant weapon
Potions
 d - 6 potions of might
 e - 11 potions of curing
 g - 8 potions of heal wounds
 i - 7 potions of magic
 u - 2 potions of brilliance
 v - 2 potions of invisibility
 w - 4 potions of resistance
 z - 6 potions of agility
 D - a potion of ambrosia {unknown}
 E - a potion of cancellation {unknown}
Books
 B - a book of the Earth

   Spells                             Type                      Level
   a - Leda's Liquefaction            Hexes/Earth                  4
   b - Bolt of Magma                  Conjuration/Fire/Earth       5
   c - Statue Form                    Transmutation/Earth          6
   d - Iron Shot                      Conjuration/Earth            6
   e - Shatter                        Earth                        9
Comestibles
 b - 42 fruits
 c - 2 meat rations
 f - 5 bread rations


   Skills:
 + Level 20.8 Fighting
 + Level 19.4 Maces & Flails
 + Level 20.9 Armour
 + Level 22.4 Shields


You had 14 spell levels left.
You didn't know any spells.

Dungeon Overview and Level Annotations

Branches:
Dungeon (1/1)

Altars:
Ashenzari
Cheibriados
Dithmenos
Elyvilon
Fedhas
Gozag
Hepliaklqana
Kikubaaqudgha
Makhleb
Nemelex Xobeh
Okawaru
Qazlal
Ru
Sif Muna
Trog
Uskayaw
Vehumet
Wu Jian
Xom
Yredelemnul
Zin
The Shining One
Beogh
Jiyva
Lugonu

Shops:
D ([=*=[

Annotations:
D 1 transporter


Innate Abilities, Weirdness & Mutations

You cannot be hasted, slowed, berserked, paralysed or teleported.
You can dig through walls and to a lower floor.
Your four strong arms can wield two-handed weapons with a shield.
You have a pair of large antennae on your head. (SInv)
Scrolls take you a little longer to read.


Message History

The ghoul is engulfed in blazing flames.
You block the ghoul's attack.
GONNNNG!
You block the ghoul's attack.
GONNNNG!
You block the soul eater's attack.
PANG!
The shadow dragon is engulfed in blazing flames.
The shadow dragon bites you but does no damage.
The shadow dragon claws you but does no damage.
You block the shadow dragon's attack.
BONNNG!
The Tzitzimitl is engulfed in blazing flames.
The Tzitzimitl engulfs you but does no damage.
The Tzitzimitl bites you.
* * * LOW HITPOINT WARNING * * *
The ghoul is engulfed in blazing flames.
The ghoul claws you!
You die...
Your body crumbles into a pile of gold. ▓▓▓▓▓▓▓▓ ...............▓▓▓▓▓▓▓▓▓ ...............▓.....8§8 {{{{

▓▓▓▓▓▓▓▓▓▓▓▓▓▓▓▓..)[)!r[
......8©8......▓..)[=§[:
..|=:=}}"))||..▓.....Ykt
..}:)})|)[n[[..▓......r.
......ZZ:.D..$.▓.....$$$
$....n3nZ......▓....F$.$
......D@n......▓.$......
....Z31§§......▓........
.....Zn§§1.....▓..▓.....
......§§3......▓........
......§§§......▓.....{..
...▓...p...▓.$.▓.....{{{
..▓▓▓.....▓▓▓.$▓▓▓▓▓▓▓▓▓
...▓.......▓...▓.....8©8
.......$.......▓.:.)[=[}


You could see 4 ghouls, 2 shadow dragons, 2 Tzitzimimeh, a vault guard, 3 soul
eaters, a necrophage, a ball python zombie, an adder zombie, 2 giant cockroach
zombies and an adder skeleton.

Vanquished Creatures
  A lich (D)
  Rupert (D)
  An acid blob (D)
  Gastronok (D)
  A shadow dragon (D)
  Roxanne (D)
  A nagaraja (D)
  An azure jelly (D)
  2 fire giants (D)
  A ghoul (D)
  A reaper (D)
  2 stone giants (D)
  2 vampire knights (D)
  A death ooze (D)
  2 fire dragons (D)
  Harold (D)
  9 vault guards (D)
  A naga warrior (D)
  2 anacondas (D)
  2 hell hogs (D)
  A vampire mage (D)
  2 soul eaters (D)
  A skeletal warrior (D)
  A glowing orange brain (D)
  A necromancer (D)
  A worldbinder (D)
  A shining eye (D)
  2 guardian serpents (D)
  3 black mambas (D)
  3 naga magi (D)
  Psyche (D)
  A rime drake (D)
  2 efreet (D)
  A freezing wraith (D)
  A hellwing (D)
  An ancient zyme (D)
  An ice devil (D)
  3 merfolk (D)
  5 hornets (D)
  A blink frog (D)
  2 slime creatures (D)
  3 hippogriffs (D)
  Sigmund (D)
  10 spriggans (D)
  4 wyverns (D)
  2 vampires (D)
  A yak (D)
  A fire elemental (D)
  3 steam dragons (D)
  2 nagas (D)
  3 acid dragons (D)
  2 hell hounds (D)
  5 water moccasins (D)
  6 black bears (D)
  2 ice beasts (D)
  A phantom (D)
  4 necrophages (D)
  A wolf (D)
  A centaur (D)
  2 crocodiles (D)
  Blork the orc (D)
  A bullfrog (D)
  Dowan (D)
  5 wights (D)
  2 crimson imps (D)
  4 jellies (D)
  An iron imp (D)
  2 adders (D)
  2 shadow imps (D)
  A white imp (D)
  3 ufetubi (D)
  2 oozes (D)
  An adder zombie (D)
  6 ball pythons (D)
  2 bat skeletons (D)
  5 bat zombies (D)
  2 giant cockroach zombies (D)
  2 jackal zombies (D)
  3 leopard gecko skeletons (D)
  A leopard gecko zombie (D)
  A quokka zombie (D)
171 creatures vanquished.

Vanquished Creatures (others)
  Aizul (D)
  Snorg (D)
  Nergalle (D)
  A fire vortex (D)
4 creatures vanquished.

Grand Total: 175 creatures vanquished

Notes
Turn   | Place    | Note
-------+----------+-------------------------------------------
     0 | D        | potatolord6000 the Formicid Fighter began the quest for the Orb.
     0 | D        | Reached XP level 1. HP: 18/18 MP: 1/1
     0 | D        | Found a blossoming altar of Fedhas.
     1 | D        | Found a viscous altar of Jiyva.
     1 | D        | Found an ancient bone altar of Kikubaaqudgha.
     1 | D        | Found a hazy altar of Hepliaklqana.
     1 | D        | Found a corrupted altar of Lugonu.
     1 | D        | Found an opulent altar of Gozag.
     1 | D        | Found a burning altar of Makhleb.
     5 | D        | Found a stormy altar of Qazlal.
     5 | D        | Found an iron altar of Okawaru.
     5 | D        | Found a sacrificial altar of Ru.
     5 | D        | Found a sparkling altar of Nemelex Xobeh.
     5 | D        | Found a deep blue altar of Sif Muna.
     5 | D        | Found a bloodstained altar of Trog.
    58 | D        | Killed Nergalle
    59 | D        | Killed Snorg
   125 | D        | Became a worshipper of Gozag Ym Sagoz the Greedy
   160 | D        | Entered arena 2.
   166 | D        | Reached skill level 4 in Shields
   166 | D        | Reached XP level 2. HP: 25/25 MP: 2/2
   177 | D        | Entered arena 3.
   177 | D        | Noticed a crimson imp
   177 | D        | Noticed a hellwing
   177 | D        | Noticed a crimson imp
   180 | D        | Killed a crimson imp
   180 | D        | Reached skill level 5 in Fighting
   180 | D        | Reached skill level 5 in Shields
   180 | D        | Reached XP level 3. HP: 33/33 MP: 3/3
   189 | D        | Killed a hellwing
   189 | D        | Reached skill level 8 in Shields
   189 | D        | Reached XP level 4. HP: 17/44 MP: 4/4
   189 | D        | Reached XP level 5. HP: 19/49 MP: 5/5
   189 | D        | Reached XP level 6. HP: 21/56 MP: 6/6
   375 | D        | Entered arena 4.
   375 | D        | Noticed a necrophage
   378 | D        | Killed a necrophage
   378 | D        | Reached skill level 9 in Shields
   378 | D        | Reached XP level 7. HP: 63/63 MP: 7/7
   397 | D        | Got the ring of Vyet {MR++ MP+9 Slay+3}
   460 | D        | Entered arena 5.
   474 | D        | Entered arena 6.
   478 | D        | Reached skill level 10 in Shields
   512 | D        | Got the cursed ring of Ytwoaheh {*Drain rF+++ EV-3 Dex+5}
   526 | D        | Entered arena 7.
   526 | D        | Noticed a hippogriff
   526 | D        | Noticed a merfolk
   526 | D        | Noticed a hippogriff
   526 | D        | Noticed a merfolk
   526 | D        | Noticed a merfolk
   533 | D        | Killed a merfolk
   533 | D        | Reached XP level 8. HP: 65/71 MP: 8/8
   533 | D        | Reached skill level 10 in Fighting
   533 | D        | Reached skill level 10 in Armour
   533 | D        | Killed a hippogriff
   533 | D        | Reached skill level 11 in Shields
   533 | D        | Killed a hippogriff
   535 | D        | Killed a merfolk
   535 | D        | Reached XP level 9. HP: 63/79 MP: 9/9
   535 | D        | Killed a merfolk
   535 | D        | Reached skill level 10 in Maces & Flails
   535 | D        | Reached skill level 12 in Shields
   596 | D        | Entered arena 8.
   596 | D        | Noticed a worldbinder
   596 | D        | Noticed an ancient zyme
   602 | D        | Killed a worldbinder
   605 | D        | Killed an ancient zyme
   624 | D        | Got the ring of Zaitokh {rElec Str+3 Int+4 Dex+4 Slay-4}
   855 | D        | Entered arena 9.
   855 | D        | Noticed a spriggan rider
   859 | D        | Reached skill level 13 in Shields
   859 | D        | Killed a hornet
   859 | D        | Reached XP level 10. HP: 70/89 MP: 10/10
   972 | D        | Entered arena 10.
   972 | D        | Noticed a spriggan rider
   972 | D        | Noticed a spriggan rider
   972 | D        | Noticed a spriggan rider
   972 | D        | Noticed a spriggan rider
   974 | D        | Reached skill level 14 in Shields
   974 | D        | Reached XP level 11. HP: 94/97 MP: 11/11
  1036 | D        | Upgraded the game from 0.20-a0-1122-gb7cbeb9 to 0.20-a0-1124-g2e29d97
  1046 | D        | Entered arena 11.
  1049 | D        | Reached skill level 15 in Shields
  1138 | D        | Bought a pair of slimy gloves for 285 gold pieces
  1143 | D        | Identified the +2 pair of gloves of Vaptesm {+Inv rN++ Dex+4 Stlth-} (You bought it in a shop in the Dungeon)
  1247 | D        | Entered arena 12.
  1247 | D        | Noticed Gastronok
  1247 | D        | Noticed Sigmund
  1247 | D        | Noticed Rupert
  1247 | D        | Noticed Aizul
  1248 | D        | Noticed Harold
  1248 | D        | Noticed Psyche
  1248 | D        | Noticed Dowan
  1248 | D        | Noticed Blork the orc
  1248 | D        | Noticed Roxanne
  1260 | D        | Killed Aizul
  1260 | D        | Reached XP level 12. HP: 97/108 MP: 12/12
  1260 | D        | Killed Blork the orc
  1260 | D        | Killed Psyche
  1260 | D        | Killed Sigmund
  1260 | D        | Reached skill level 16 in Shields
  1266 | D        | Killed Rupert
  1266 | D        | Killed Dowan
  1266 | D        | Reached skill level 15 in Fighting
  1266 | D        | Reached skill level 15 in Armour
  1267 | D        | Killed Gastronok
  1267 | D        | Reached skill level 17 in Shields
  1269 | D        | Killed Harold
  1288 | D        | Killed Roxanne
  1288 | D        | Reached skill level 15 in Maces & Flails
  1367 | D        | Got the ring "Surheda" {+Blink rF+ rC+ Str+3}
  1513 | D        | Entered arena 13.
  1514 | D        | Noticed a reaper
  1514 | D        | Noticed a soul eater
  1532 | D        | Killed a reaper
  1532 | D        | Reached XP level 13. HP: 110/119 MP: 13/13
  1533 | D        | Reached skill level 18 in Shields
  1594 | D        | Entered arena 14.
  1595 | D        | Noticed a fire giant
  1595 | D        | Noticed a fire dragon
  1596 | D        | Noticed a fire giant
  1596 | D        | Noticed a fire dragon
  1602 | D        | Killed a fire dragon
  1606 | D        | Killed a fire giant
  1613 | D        | Killed a fire dragon
  1620 | D        | Killed a fire giant
  1639 | D        | Reached skill level 19 in Shields
  1809 | D        | Bought a +1 pair of boots of running for 547 gold pieces
  1994 | D        | Entered arena 15.
  1994 | D        | Noticed a vampire knight
  1995 | D        | Noticed a vampire knight
  2001 | D        | Killed a vampire knight
  2020 | D        | Killed a vampire knight
  2073 | D        | Got the cursed ring "Rynoiqam" {AC-2 Str+5 Dex-3}
  2246 | D        | Entered arena 16.
  2247 | D        | Noticed an acid blob
  2248 | D        | Noticed a death ooze
  2248 | D        | Noticed an azure jelly
  2249 | D        | Gained mutation: Scrolls take you a little longer to read. [a shining eye]
  2254 | D        | Killed an acid blob
  2257 | D        | Killed a death ooze
  2257 | D        | Killed an azure jelly
  2257 | D        | Reached skill level 20 in Shields
  2257 | D        | Reached XP level 14. HP: 99/131 MP: 14/14
  2310 | D        | Got a transparent scale mail
  2313 | D        | Identified the +0 scale mail of Midwinter {+Fly rPois rF- MP+9} (You acquired it in the Dungeon)
  2331 | D        | Entered arena 17.
  2335 | D        | Noticed a nagaraja
  2335 | D        | Noticed a nagaraja
  2348 | D        | Killed a nagaraja
  2355 | D        | Entered arena 18.
  2379 | D        | Entered arena 19.
  2390 | D        | Reached skill level 21 in Shields
  2403 | D        | Entered arena 20.
  2408 | D        | Noticed a lich
  2408 | D        | Noticed a stone giant
  2408 | D        | Noticed a stone giant
  2408 | D        | Noticed a stone giant
  2409 | D        | Noticed a stone giant
  2409 | D        | Noticed a shadow dragon
  2419 | D        | Killed a stone giant
  2435 | D        | Killed a shadow dragon
  2435 | D        | Reached XP level 15. HP: 54/142 MP: 15/15
  2435 | D        | Killed a stone giant
  2435 | D        | Reached skill level 22 in Shields
  2439 | D        | Entered arena 21.
  2442 | D        | Killed a lich
  2444 | D        | Noticed a ghoul
  2445 | D        | Noticed a ghoul
  2445 | D        | Noticed a Tzitzimitl
  2445 | D        | Noticed a shadow dragon
  2447 | D        | Noticed a ghoul
  2447 | D        | Noticed a ghoul
  2447 | D        | Noticed a Tzitzimitl
  2447 | D        | Noticed a shadow dragon
  2450 | D        | Noticed a ghoul
  2458 | D        | HP: 3/143 [ghoul (16)]
  2461 | D        | Killed a ghoul
  2462 | D        | Mangled by a ghoul

Vault maps used:
D:        sprint_v

Skill      XL: |  1  2  3  4  5  6  7  8  9 10 11 12 13 14 15 |
---------------+----------------------------------------------+-----
Fighting       | 4 5 7 8 9 10 12 14 16 18 20 | 20.8
Armour         | 4 7 8 9 10 12 13 14 16 18 20 | 20.9
Shields        | 4 5 8 9 10 11 13 14 15 17 20 21 22 | 22.4
Maces & Flails | 3 6 7 8 9 11 13 15 17 19 | 19.4

Action                   |  1- 3 |  4- 6 |  7- 9 | 10-12 | 13-15 || total
-------------------------+-------+-------+-------+-------+-------++-------
Melee: Great mace        |    16 |     3 |    31 |    66 |   125 ||   241
Invok: Call Merchant     |       |       |     2 |     2 |     2 ||     6
  Use: Potion            |       |       |       |     1 |     3 ||     4
       Scroll            |       |       |       |     8 |     2 ||    10
 Stab: Distracted        |       |       |       |     1 |     2 ||     3
  Eat: Meat ration       |       |       |       |     2 |       ||     2
Armor: Crystal plate arm |    14 |     1 |    35 |    50 |   123 ||   223
Dodge: Dodged            |       |       |     3 |     4 |    11 ||    18
Block: Shield            |    41 |     4 |    75 |   138 |   320 ||   578
       Reflection        |       |       |       |     2 |    15 ||    17
